 Dungeon Crawl Stone Soup version 0.31-a0-435-g2c6fae2916 (webtiles) character file.

Game seed: 7041721837341517591

1820 Gelion the Changeling (level 9, -2/62 HPs)
             Began as an Octopode Shapeshifter on Aug 1, 2023.
             Slain by an ice beast (5 damage)
             ... on level 6 of the Dungeon.
             The game lasted 00:08:32 (5269 turns).

Gelion the Changeling (Octopode Shapeshifter)       Turns: 5269, Time: 00:08:33

Health: -2/62      AC:  1    Str: 15    XL:     9   Next: 10%
Magic:  9/9        EV: 13    Int: 10    God:
Gold:   251        SH:  0    Dex: 16    Spells: 8/8 levels left

rFire   + .          .
                       - Unarmed
rCold   + . .        (no shield)
rNeg    . . .        (helmet currently unavailable)
rPois   +            (no amulet)
rElec   +            (no ring)
rCorr   +            (no ring)
SInv    .            (no ring)
Will    .....        (no ring)
Stlth   ++           (no ring)
HPRegen 0.30/turn    (no ring)
MPRegen 0.11/turn    (no ring)
                     (no ring)

%: no passive effects
@: beast-form, resistant
A: beast (slay +5), almost no armour, amphibious, 8 rings, camouflage 1,
gelatinous body 1, (nimble swimmer 1), tentacles
a: Begin Untransformation


You were on level 6 of the Dungeon.
You were a hulking beast.
You visited 1 branch of the dungeon, and saw 6 of its levels.

You collected 251 gold pieces.

Inventory:

Missiles
 d - a throwing net
Talismans
 b - a beast talisman (active)
 h - a blade talisman
Wands
 k - a wand of charming (10)
 r - a wand of polymorph (6)
Scrolls
 c - a scroll of teleportation
 f - 2 scrolls of identify
 g - a scroll of acquirement {unknown}
 j - 2 scrolls of enchant armour
 q - a scroll of revelation
 s - a scroll of fog {unknown}
Potions
 l - 2 potions of resistance
 m - a potion of curing
 n - 2 potions of might
 o - a potion of mutation
 p - 2 potions of attraction


   Skills:
 + Level 5.7 Fighting
 - Level 2.0 Dodging
 + Level 6.4 Unarmed Combat
 * Level 7.4 Shapeshifting


You had 8 spell levels left.
You didn't know any spells.
Your spell library was empty.

Dungeon Overview and Level Annotations

Branches:
Dungeon (6/15)
 Temple: D:4-7

Altars:
Okawaru
Trog

Annotations:
D:5 2 transporters, Maxmaps's ghost, amateur OpSh


Innate Abilities, Weirdness & Mutations

You are a hulking beast.
Your limbs bulge with bestial killing power. (Slay +5)
You cannot wear most types of armour.
You are amphibious.
You can wear up to eight rings at the same time.
Your skin changes colour to match your surroundings (Stealth+).
Your rubbery body absorbs attacks. (AC +1, EV +1)
((You are camouflaged when in or above water. (Stealth+)))
You have tentacles for arms and can constrict up to eight enemies at once.


Message History

An ice beast comes into view.
You tentacle-slap the orc. Your grab misses the orc. You squeeze the orc.
You kill the orc!
Things that are here:
a +0 club; a +0 chain mail; an orc corpse Something hits the bush but does no damage.
The orc misses you. The orc hits you with a +0 trident.
Things that are here:
a +0 club; a +0 chain mail; an orc corpse You bludgeon the orc!
You kill the orc!
The orc priest misses you.
You tentacle-slap the orc priest. You grab the orc priest.
You squeeze the orc priest.
The orc priest is severely wounded.
You constrict the orc priest.
The orc priest hits you but does no damage.
The orc closely misses you.
You tentacle-slap the orc priest.
You kill the orc priest!
The orc hits you with a +0 club.
Unknown command.
The ice beast attacks as you move away! The ice beast hits you.
The ice beast freezes you!
You bludgeon the ice beast! You squeeze the ice beast!
The ice beast is severely wounded.
The ice beast hits you. The ice beast freezes you!
* * * LOW HITPOINT WARNING * * *
You bludgeon the ice beast! Your squeeze misses the ice beast.
The ice beast is almost dead.
The ice beast hits you.
* * * LOW HITPOINT WARNING * * *
The ice beast freezes you!
* * * LOW HITPOINT WARNING * * *
You feel protected. The ice beast hits you.
* * * LOW HITPOINT WARNING * * *
The ice beast freezes you. You resist.
You die...

# ##.# # ######...# #
........# ##########.#
....P..#
..)........####.._!..###
......### ###>..[.P.....
.####.# #....)o)......
.# #.#####.#.##Y##..#..
.# #.....)...##h# # .#
#######.####.# .# #.#
#.# .# #.# #.# .# ..#
#.# .# ### #.# .# #.. ##
### ..#


You could see an ice beast and an orc.

Vanquished Creatures
  Menkaure (D:4)
  A water moccasin (D:5)
  An orc warrior (D:6)
  4 black bears
  2 ogres
  4 scorpions
  5 wights
  A hound (D:5)
  4 orc priests (D:6)
  Ijyb (D:5)
  An iguana (D:5)
  2 orc wizards (D:6)
  7 gnolls
  5 adders
  A white imp (D:5)
  An ufetubus (D:6)
  2 worms
  2 dart slugs
  13 orcs
  4 bats
  10 endoplasms
  2 giant cockroaches
  8 hobgoblins
  10 jackals (D:1)
  4 quokkas
  2 ball pythons
  3 frilled lizards
  9 goblins
  8 kobolds
  7 rats
125 creatures vanquished.

Notes
Turn   | Place    | Note
-------+----------+-------------------------------------------
     0 | D:1      | Gelion the Octopode Shapeshifter began the quest for the
                  | Orb.
     0 | D:1      | Reached XP level 1. HP: 13/13 MP: 1/1
   136 | D:1      | Reached XP level 2. HP: 14/18 MP: 2/2
   440 | D:1      | Reached XP level 3. HP: 23/23 MP: 3/3
   946 | D:2      | Reached XP level 4. HP: 24/29 MP: 4/4
  1073 | D:2      | Found an iron altar of Okawaru.
  1419 | D:3      | Reached skill level 4 in Shapeshifting
  1419 | D:3      | Reached XP level 5. HP: 20/35 MP: 5/5
  1637 | D:3      | Reached XP level 6. HP: 14/41 MP: 6/6
  2290 | D:3      | Reached skill level 5 in Shapeshifting
  2498 | D:4      | Noticed a black bear
  2509 | D:4      | Noticed Menkaure
  2632 | D:4      | Reached XP level 7. HP: 13/46 MP: 7/7
  2995 | D:4      | Killed Menkaure
  2996 | D:4      | Reached skill level 5 in Unarmed Combat
  3458 | D:5      | Entered Level 5 of the Dungeon
  3723 | D:5      | Found a transporter.
  3735 | D:5      | Noticed Maxmaps's ghost (amateur OpSh)
  3761 | D:5      | Reached skill level 6 in Shapeshifting
  3761 | D:5      | Reached XP level 8. HP: 54/54 MP: 8/8
  4240 | D:5      | Noticed Ijyb
  4251 | D:5      | Killed Ijyb
  4633 | D:5      | Found a transporter.
  4876 | D:6      | Reached skill level 5 in Fighting
  4876 | D:6      | HP: 2/55 [something (5)]
  5142 | D:6      | Reached skill level 7 in Shapeshifting
  5208 | D:6      | Found a bloodstained altar of Trog.
  5231 | D:6      | Reached XP level 9. HP: 39/61 MP: 9/9
  5269 | D:6      | HP: 3/62 [ice beast (4)]
  5269 | D:6      | Slain by an ice beast

Illustrated notes

Levels and vault maps discovered:
D:1:      dpeg_chamrin_arrival_tetris, layout_basic,
          chequers_serial_rivers_room_b, due_unseen_surprise
D:2:      layout_basic, basic_altar, minmay_tripent
D:3:      layout_rooms, guppyfry_early_orc_mine
D:4:      wad_lake_hut, layout_rooms, uniq_menkaure
D:5:      layout_gridville, gammafunk_ghost_mausoleum, solitary_fountain,
          uniq_ijyb
D:6:      hangedman_cross_stitches, layout_loops_ring, trog_ov_bears_minmay,
          minmay_temple_entry_metal_lava

Skill      XL: |  1  2  3  4  5  6  7  8 |
---------------+-------------------------+-----
Fighting       | 2 3 4 5 |  5.7
Shapeshifting  | 4 5 6 7 |  7.4
Unarmed Combat | 4 5 6 |  6.4
Dodging        | |  2.0

Action                     |  1- 3 |  4- 6 |  7- 9 || total
---------------------------+-------+-------+-------++-------
  Melee: Unarmed           |    56 |    84 |   123 ||   263
         Constrict         |    13 |    18 |    24 ||    55
         Tentacles         |     4 |    17 |    26 ||    47
         Punch             |       |     1 |     3 ||     4
    Use: Scroll            |       |    14 |     3 ||    17
         Potion            |       |     2 |     5 ||     7
   Stab: Sleeping          |    10 |     7 |     2 ||    19
         Distracted        |       |       |     1 ||     1
         Invisible         |       |       |     2 ||     2
 Armour: Skin              |     2 |     4 |    22 ||    28
  Dodge: Dodged            |    23 |    66 |    49 ||   138

Table legend: (Time is in decaauts)
 A = Elapsed time spent in this place.
 B = Non-inter-level travel time spent in this place.
 C = Inter-level travel time spent in this place.
 D = Time resting spent in this place.
 E = Time spent auto-exploring this place.
 F = Levels seen in this place.
 G = Mean time per level.
                   A        B        C        D        E       F      G
               +--------+--------+--------+--------+--------+-----+--------+
         Total |   5250 |   5154 |     96 |    736 |   3548 |   6 |  875.0 |
       Dungeon |   5250 |   5154 |     96 |    736 |   3548 |   6 |  875.0 |
               +--------+--------+--------+--------+--------+-----+--------+

Top non-repeatable levels by time:
     D:5: 1349 daAuts
     D:2: 910 daAuts
     D:1: 874 daAuts
     D:4: 851 daAuts
     D:3: 815 daAuts
     D:6: 448 daAuts
